cohdb
Replays
Latest Replays
All Replays
Popular Replays
Top Player Replays
Match Explorer
How It Works
Community
CoH3 Stats
Reddit
Sign in to upload your games and track your stats! →
Sign in with Steam
Match 43694260
Unlisted
Match 43694260
Overview
Messages
Build Orders
End
Construct Barracks
Riflemen Squad
M1 Mortar Team
Riflemen Squad
Engineer Squad
Grenade Package
Selects Advanced Infantry Battlegroup
Selects Convert to Ranger Squad
Riflemen Squad
Infantry Support Center
Bish Bash Bosh
gicobiwolfe
MoriMusic
Penultimate Peacock
Gendalf
Liet
geitje1
Cicero_540
0
0
Comments
sign in to comment!
No comments posted yet!